 Dungeon Crawl Stone Soup version 0.19.4-8-ga85b6b9 (webtiles) character file.

4989 vatarom the Fighter (level 10, -10/60 HPs)
             Began as a Vine Stalker Assassin on Feb 6, 2017.
             Was a Follower of Uskayaw.
             Killed from afar by a tengu conjurer (17 damage)
             ... with an orb of energy
             ... on level 10 of the Dungeon.
             The game lasted 00:21:17 (7531 turns).

vatarom the Fighter (Vine Stalker Assassin)         Turns: 7531, Time: 00:21:17

Health: -10/60     AC:  6    Str: 14    XL:     10   Next: 54%
Magic:  0/11       EV: 15    Int: 11    God:    Uskayaw [*.....]
Gold:   354        SH:  0    Dex: 19    Spells: 0 memorised, 9 levels left

rFire  . . .     SeeInvis .     D - +2 rapier (venom)
rCold  + . .     Gourm    .     c - +0 robe
rNeg   + . .     Faith    .     (no shield)
rPois  .         Spirit   +     (no helmet)
rElec  .         Reflect  .     d - +0 cloak
rCorr  .         Harm     .     F - +2 pair of gloves
MR     +....     Rnd*Rage +     (no boots)
Stlth  ++++......               n - macabre finger necklace {rN+}
                                (no ring)
                                w - +6 ring of slaying
                                (no ring)

@: no status effects
A: fangs 3, camouflage 1, berserk 1, cold resistance 1, regeneration 1,
screaming 1, magic shield, antimagic bite, no device heal 3, rot immunity
a: Stomp, Renounce Religion


You were on level 10 of the Dungeon.
You worshipped Uskayaw.
Uskayaw was noncommittal.
You were full.

You visited 2 branches of the dungeon, and saw 11 of its levels.

You collected 615 gold pieces.
You spent 261 gold pieces at shops.

Inventory:

Hand Weapons
 a - a +3 dagger
 b - a +0 blowgun
 D - a +2 rapier of venom (weapon)
Missiles
 e - 72 poisoned needles
 f - 9 curare-tipped needles
Armour
 c - a +0 robe (worn)
 d - a +0 cloak (worn)
 F - a +2 pair of gloves (worn)
Jewellery
 n - the macabre finger necklace (around neck) {rN+}
   (You bought it in a shop on level 7 of the Dungeon)

   [amulet of nothing]

   It protects you from negative energy.
 v - an uncursed ring of ice
 w - a +6 ring of slaying (left hand)
 C - an uncursed ring of poison resistance {unknown}
Wands
 q - a wand of iceblast (6/15)
 r - a wand of acid (4/15)
 s - a wand of random effects (23/48)
 u - a wand of flame (20/48)
 B - a wand of flame (11/48)
 E - a wand of paralysis (10/24)
 H - a wand of polymorph (11/24)
 I - a wand of digging (16/24)
Scrolls
 g - 3 scrolls of blinking
 i - 11 scrolls of identify
 o - 7 scrolls of remove curse
 y - a scroll of teleportation
 J - a scroll of acquirement
Potions
 m - 5 potions of curing
 x - 3 potions of flight
 z - a potion of berserk rage
 A - a potion of cancellation
Comestibles
 h - 4 beef jerkies
 j - 3 meat rations
 k - 11 fruits
 l - a slice of pizza
 p - a royal jelly
 t - 2 bread rations


   Skills:
 - Level 10.6 Fighting
 - Level 7.1 Short Blades
 - Level 1.7 Throwing
 - Level 2.8 Armour
 * Level 4.5 Dodging
 - Level 4.8 Stealth


You had 9 spell levels left.
You didn't know any spells.

Dungeon Overview and Level Annotations

Branches:
Dungeon (10/15)            Temple (1/1) D:7            Lair (0/6) D:10
    Orc (0/2) D:9

Altars:
Ashenzari
Cheibriados
Dithmenos
Elyvilon
Fedhas
Gozag
Hepliaklqana
Kikubaaqudgha
Makhleb
Nemelex Xobeh
Okawaru
Qazlal
Ru
Sif Muna
Trog
Uskayaw
Vehumet
Xom
Yredelemnul
Zin
The Shining One

Shops:
D:7 =   D:9 !

Annotations:
D:8 WanderingOwl's ghost, novice MiFi


Innate Abilities, Weirdness & Mutations

You have razor-sharp teeth.
Your natural rate of healing is unusually fast.
When hurt, damage is shared between your health and your magic reserves.
Your bite disrupts and absorbs the magic of your enemies.
Potions and wands cannot restore your health.
You are immune to rotting.
Your skin changes colour to match your surroundings (Stealth+).
You tend to lose your temper in combat.
Your flesh is cold resistant. (rC+)
You occasionally shout uncontrollably at your foes.


Message History

The centaur warrior shoots an arrow.
The arrow hits you!!
The tengu conjurer completely misses you.
The tengu conjurer misses you. x2
You see here an arrow.
You puncture the tengu conjurer!
The tengu conjurer looks as sick as possible!
Your bite misses the tengu conjurer.
The tengu conjurer is moderately wounded.
The centaur warrior shoots an arrow.
The arrow hits you!
The tengu conjurer hits you but does no damage.
The tengu conjurer pecks you but does no damage.
The tengu conjurer completely misses you.
The centaur warrior shoots an arrow.
The arrow hits you!
The centaur warrior shoots an arrow.
The arrow hits you!
* * * LOW HITPOINT WARNING * * *
You see here 2 arrows.
Unknown command.
The tengu conjurer casts a spell at you.
The orb of energy hits you!
You die...

...............#
...............#
.......###.#####
....... #.#
.......###.#
.......#...#####
.......#.###c.=#
.........##....
######.#@#..#$#
#.#.(Q..#
#.###..#$# #.
##.... .. #)..#
.....# ######
.....##.....#
..........#.#
.........#.#


You could see a tengu conjurer.

Vanquished Creatures
  Erica (D:9)
  A hill giant (D:9)
  A two-headed ogre (D:9)
  3 wargs (D:10)
  A water moccasin (D:6)
  An orc warrior (D:9)
  2 ice beasts
  A sky beast (D:9)
  A black bear (D:7)
  An eye of draining (D:9)
  A hornet zombie (D:9)
  A necrophage (D:9)
  A phantom (D:9)
  4 ogres
  5 centaurs
  3 bullfrogs
  A gnoll sergeant (D:5)
  5 killer bees
  A howler monkey (D:5)
  A crimson imp (D:9)
  A quasit (D:9)
  9 orc priests
  2 hounds
  A jelly (D:7)
  A bullfrog skeleton (D:10)
  Ijyb (D:2)
  4 iguanas
  3 orc wizards
  Natasha (D:2)
  5 worker ants
  A hound skeleton (D:4)
  2 worker ant zombies
  7 gnolls
  7 adders
  5 shadow imps
  2 oozes
  2 adder zombies
  2 worms
  6 leopard geckos
  28 orcs
  4 giant cockroaches
  9 goblins
  9 hobgoblins
  13 jackals
  4 quokkas
  A ball python (D:3)
  A ball python zombie (D:6)
  7 bats
  6 frilled lizards
  7 kobolds
  A leopard gecko skeleton (D:5)
  4 rats
192 creatures vanquished.

Notes
Turn   | Place    | Note
-------+----------+-------------------------------------------
     0 | D:1      | vatarom the Vine Stalker Assassin began the quest for the Orb.
     0 | D:1      | Reached XP level 1. HP: 11/11 MP: 2/2
    50 | D:1      | Reached skill level 1 in Dodging
   348 | D:1      | Reached XP level 2. HP: 10/15 MP: 3/3
   418 | D:1      | Reached skill level 1 in Armour
   491 | D:1      | Reached XP level 3. HP: 12/18 MP: 2/4
   744 | D:2      | Found a glowing golden altar of the Shining One.
   809 | D:2      | Found a blossoming altar of Fedhas.
   810 | D:2      | Found a shadowy altar of Dithmenos.
   811 | D:2      | Found a hazy altar of Hepliaklqana.
   939 | D:2      | Gained mutation: Your natural rate of healing is unusually fast. [Vine Stalker growth]
   939 | D:2      | Reached XP level 4. HP: 7/23 MP: 5/5
  1030 | D:2      | Found an iron altar of Okawaru.
  1032 | D:2      | Noticed Natasha
  1049 | D:2      | Noticed Ijyb
  1055 | D:2      | Killed Ijyb
  1098 | D:2      | Killed Natasha
  1098 | D:2      | Reached XP level 5. HP: 26/26 MP: 6/6
  1454 | D:3      | Gained mutation: Your skin changes colour to match your surroundings (Stealth+). [potion of beneficial mutation]
  2259 | D:4      | Found a shadowy altar of Dithmenos.
  2278 | D:4      | Noticed an ogre
  2283 | D:4      | Killed an ogre
  2283 | D:4      | Reached XP level 6. HP: 30/30 MP: 7/7
  2463 | D:4      | Found a burning altar of Makhleb.
  2745 | D:5      | Entered Level 5 of the Dungeon
  2778 | D:5      | Reached XP level 7. HP: 34/34 MP: 8/8
  2987 | D:5      | Reached skill level 5 in Short Blades
  3123 | D:5      | Found a white marble altar of Elyvilon.
  3642 | D:5      | HP: 1/34 [gnoll (4)]
  4260 | D:6      | Gained mutation: You have razor-sharp teeth. [Vine Stalker growth]
  4260 | D:6      | Reached XP level 8. HP: 35/38 MP: 9/9
  4410 | D:6      | Reached skill level 2 in Fighting
  4695 | D:6      | Found a sacrificial altar of Ru.
  4782 | D:6      | Reached skill level 3 in Fighting
  5014 | D:7      | Reached skill level 4 in Fighting
  5387 | D:7      | Reached skill level 5 in Fighting
  5397 | D:7      | Found a staircase to the Ecumenical Temple.
  5410 | Temple   | Entered the Ecumenical Temple
  5505 | D:7      | Reached XP level 9. HP: 48/48 MP: 10/10
  5597 | D:7      | Identified a scroll of acquirement
  5666 | D:7      | Reached skill level 6 in Fighting
  5784 | D:7      | Found Giub's Jewellery Shoppe.
  5795 | D:7      | Bought the macabre finger necklace {rN+} for 261 gold pieces
  5796 | D:7      | Gained mutation: Your flesh is cold resistant. (rC+) [potion of mutation]
  5796 | D:7      | Gained mutation: You occasionally shout uncontrollably at your foes. [potion of mutation]
  5796 | D:7      | Gained mutation: You tend to lose your temper in combat. [potion of mutation]
  6125 | D:8      | Noticed WanderingOwl's ghost (novice MiFi)
  6218 | D:8      | Found a white marble altar of Elyvilon.
  6358 | D:9      | Reached skill level 7 in Fighting
  6446 | D:9      | Found a hide-covered altar of Uskayaw.
  6516 | D:9      | Became a worshipper of Uskayaw the Reveler
  6525 | D:9      | Noticed a two-headed ogre
  6536 | D:9      | Reached * piety under Uskayaw
  6543 | D:9      | Killed a two-headed ogre
  6543 | D:9      | Reached skill level 8 in Fighting
  6618 | D:9      | Found Ynant's Distillery.
  6643 | D:9      | Reached ** piety under Uskayaw
  6651 | D:9      | Noticed Erica
  6657 | D:9      | Killed Erica
  6657 | D:9      | Reached skill level 9 in Fighting
  6657 | D:9      | Reached XP level 10. HP: 53/58 MP: 9/11
  6657 | D:9      | Reached *** piety under Uskayaw
  6722 | D:9      | Noticed a hill giant
  6753 | D:9      | Killed a hill giant
  6753 | D:9      | Reached skill level 10 in Fighting
  6968 | D:9      | Found a staircase to the Orcish Mines.
  7002 | D:10     | Entered Level 10 of the Dungeon
  7273 | D:10     | Reached **** piety under Uskayaw
  7275 | D:10     | Found a staircase to the Lair.
  7278 | D:10     | Reached ***** piety under Uskayaw
  7527 | D:10     | Noticed a centaur warrior
  7531 | D:10     | Killed from afar by a tengu conjurer

Skill      XL: |  1  2  3  4  5  6  7  8  9 10 |
---------------+-------------------------------+-----
Dodging        | 1 2 3 4 |  4.5
Armour         | 1 2 |  2.8
Short Blades   | 3 4 6 7 |  7.1
Fighting       | 5 9 10 | 10.6
Throwing       | |  1.7
Stealth        | |  4.8

Action                   |  1- 3 |  4- 6 |  7- 9 | 10-12 || total
-------------------------+-------+-------+-------+-------++-------
Melee: Dagger            |    99 |   148 |    43 |       ||   290
       Bite              |    21 |    50 |    44 |    22 ||   137
       Short sword       |       |       |    73 |       ||    73
       Rapier            |       |       |    67 |    52 ||   119
 Fire: Blowgun           |       |       |    25 |     2 ||    27
  Use: Potion            |     4 |     4 |     5 |       ||    13
       Scroll            |     5 |     3 |     6 |       ||    14
 Stab: Sleeping          |    10 |    18 |    17 |     7 ||    52
       Distracted        |       |       |     2 |       ||     2
       Paralysed         |       |       |       |     5 ||     5
  Eat: Chunk             |       |     6 |     2 |       ||     8
       Bread ration      |       |       |     2 |       ||     2
       Meat ration       |       |       |     2 |       ||     2
Armor: Robe              |    32 |    11 |    18 |     5 ||    66
       Skin              |       |       |     3 |       ||     3
Dodge: Dodged            |    79 |    60 |    98 |    22 ||   259
